 Dungeon Crawl Stone Soup version 0.27-a0-262-gc50aac273e (webtiles) character file.

Game seed: 17307306630679063549

452 KristoblXynda the Chopper (level 7, -2/62 HPs)
             Began as a Naga Gladiator on Feb 4, 2021.
             Was an Initiate of Cheibriados.
             Killed by divine providence
             ... invoked by an orc priest
              (9 damage)
             ... on level 4 of the Dungeon.
             The game lasted 00:04:54 (4492 turns).

KristoblXynda the Chopper (Naga Gladiator)          Turns: 4492, Time: 00:04:55

Health: -2/62      AC:  4    Str: 18    XL:     7   Next: 4%
Magic:  7/7        EV: 11    Int: 11    God:    Cheibriados [......]
Gold:   200        SH:  0    Dex: 13    Spells: 6/6 levels left

rFire    + . .     SeeInvis +   a - +0 war axe
rCold    + . .     Faith    .   (no shield)
rNeg     . . .     Spirit   .   b - +0 leather armour
rPois    +         Reflect  .   c - +0 helmet
rElec    +         Harm     .   (no cloak)
rCorr    +         Rampage  .   (no gloves)
Will     .....                  (no barding)
Stlth    +.........             (no amulet)
HPRegen  0.20/turn              (no ring)
MPRegen  0.10/turn              (no ring)

@: confused, resistant, very slow
A: large, see invisible, deformed body, poison resistance, slowness 2, spit
poison 1, AC +2
a: Spit Poison, Renounce Religion, Bend Time


You were on level 4 of the Dungeon.
You worshipped Cheibriados.
Cheibriados was noncommittal.
You visited 2 branches of the dungeon, and saw 5 of its levels.

You collected 200 gold pieces.

Inventory:

Hand Weapons
 a - a +0 war axe (weapon)
Missiles
 d - 3 throwing nets (quivered)
Armour
 b - a +0 leather armour (worn)
 c - a +0 helmet (worn)
Scrolls
 e - a scroll of remove curse
 f - a scroll of enchant armour {unknown}
 g - a scroll of enchant weapon {unknown}
 i - a scroll of blinking {unknown}
 k - a scroll of fog {unknown}
 n - a scroll of immolation {unknown}
 p - a scroll of identify {unknown}
Potions
 h - a potion of flight {unknown}
 j - a potion of lignification
 l - a potion of ambrosia
 m - 2 potions of curing {unknown}
 o - a potion of cancellation {unknown}
 q - a potion of resistance
 r - a potion of degeneration {unknown}
 s - a potion of haste {unknown}


   Skills:
 - Level 3.3 Fighting
 * Level 5.7 Axes
 - Level 2.0 Throwing
 + Level 3.7 Dodging
 + Level 3.0 Stealth


You had 6 spell levels left.
You didn't know any spells.
Your spell library was empty.

Dungeon Overview and Level Annotations

Branches:
Dungeon (4/15)             Temple (1/1) D:4

Altars:
Cheibriados
Elyvilon
Fedhas
Gozag
Hepliaklqana
Kikubaaqudgha
Makhleb
Ru
Vehumet
Xom
Yredelemnul
Zin
The Shining One

Annotations:
D:3 3 runed translucent doors, ReteAZ's ghost, amateur OpFE


Innate Abilities, Weirdness & Mutations

You cannot wear boots.
Your serpentine skin is tough. (AC +2)
You have supernaturally acute eyesight. (SInv)
Armour fits poorly on your strangely shaped body.
Your system is resistant to poisons. (rPois)
You cover ground very slowly.
You can spit poison.


Message History

An orc comes into view. It is wielding a +0 trident.
The orc priest calls down the wrath of Beogh upon you.
Beogh smites you!
* * * LOW HITPOINT WARNING * * *
Okay, then.
It was a potion of resistance.
You feel protected.
Okay, then.
It was a potion of ambrosia.
You are confused.
You feel invigorated.
The orc shouts!
There are monsters nearby!
You're too confused to move!
The orc priest mumbles some strange prayers to Beogh against you.
Beogh smites you!
* * * LOW HITPOINT WARNING * * *
The orc priest calls down the wrath of Beogh upon you.
Beogh smites you!
You die...

# #.# #..##########.# #
#.# #..# #.# # #.# #..#
#.# # ############### ###
# #.........(.... #
###...#...#...#. ## #
#.........o..... #.
###########.#...#.o.#...#.
##
................@.oo......
##########################


You could see 2 orc priests and 2 orcs.

Vanquished Creatures
  Sigmund (D:2)
  A sky beast (D:3)
  Blork the orc (D:4)
  A worker ant (D:4)
  2 adders
  2 worms
  2 dart slugs
  2 leopard geckos
  9 orcs
  11 bats
  4 giant cockroaches
  4 goblins
  5 hobgoblins
  6 jackals
  7 kobolds
  3 quokkas
  A ball python (D:2)
  4 frilled lizards
  10 rats
  A spectral orc (D:2)
77 creatures vanquished.

Vanquished Creatures (others)
  2 withered plants (D:2)
2 creatures vanquished.

Grand Total: 79 creatures vanquished

Notes
Turn   | Place    | Note
-------+----------+-------------------------------------------
     0 | D:1      | KristoblXynda the Naga Gladiator began the quest for the
                  | Orb.
     0 | D:1      | Reached XP level 1. HP: 19/19 MP: 1/1
   360 | D:1      | Reached XP level 2. HP: 22/26 MP: 2/2
  1004 | D:2      | Reached XP level 3. HP: 12/33 MP: 3/3
  1536 | D:2      | Found a basalt altar of Yredelemnul.
  1721 | D:2      | Found an ancient bone altar of Kikubaaqudgha.
  1976 | D:2      | Reached XP level 4. HP: 37/40 MP: 4/4
  2012 | D:2      | Noticed Sigmund
  2041 | D:2      | Killed Sigmund
  2042 | D:2      | Reached skill level 4 in Axes
  2042 | D:2      | Reached XP level 5. HP: 29/49 MP: 5/5
  2416 | D:3      | Reached XP level 6. HP: 56/56 MP: 6/6
  2436 | D:3      | Found a snail-covered altar of Cheibriados.
  2525 | D:3      | Reached skill level 5 in Axes
  2646 | D:3      | Found a runed translucent gate.
  2646 | D:3      | Found a runed translucent gate.
  2646 | D:3      | Found a runed translucent gate.
  2659 | D:3      | Noticed ReteAZ's ghost (amateur OpFE)
  2834 | D:3      | Reached skill level 1 in Stealth
  2879 | D:3      | Noticed a sky beast
  2904 | D:3      | Killed a sky beast
  3647 | D:4      | Noticed Blork the orc
  3662 | D:4      | Killed Blork the orc
  3918 | D:3      | Became a worshipper of Cheibriados the Contemplative
  4049 | D:4      | Found a staircase to the Ecumenical Temple.
  4055 | Temple   | Entered the Ecumenical Temple
  4462 | D:4      | Reached XP level 7. HP: 24/62 MP: 7/7
  4492 | D:4      | Killed from afar by an orc priest

Illustrated notes

Levels and vault maps discovered:
D:1:      nzn_arrival_water_spiral, layout_basic, kennysheep_flooded_box
D:2:      layout_basic, yredelemnul_forgotten_temple_becter,
          kiku_gazebo_garden_becter, minmay_misc_feat_doors,
          hangedman_decor_push, grunt_ministairs_12, uniq_sigmund
D:3:      layout_basic, nicolae_overflow_hidden_temple, gammafunk_ghost_icy,
          grunt_ministairs_7
D:4:      layout_loops_ring, lemuel_coloured_pillars_altar,
          minmay_temple_entry_gardened_gates, uniq_blork_the_orc
Temple:   jpeg_temple_alley_garden

Skill      XL: |  1  2  3  4  5  6 |
---------------+-------------------+-----
Throwing       | 2 |  2.0
Fighting       | 3 |  3.3
Axes           | 4 5 |  5.7
Dodging        | 3 |  3.7
Stealth        | 3 |  3.0

Action                   |  1- 3 |  4- 6 |  7- 9 || total
-------------------------+-------+-------+-------++-------
Melee: War axe           |   123 |   110 |       ||   233
 Abil: Spit Poison       |     4 |    11 |       ||    15
  Use: Potion            |       |     1 |     2 ||     3
       Scroll            |       |     1 |       ||     1
 Stab: Sleeping          |       |     2 |       ||     2
Armor: Leather armour    |    58 |    29 |       ||    87
       Skin              |       |     9 |       ||     9
Dodge: Dodged            |    93 |    62 |       ||   155

Table legend: (Time is in decaauts)
 A = Elapsed time spent in this place.
 B = Non-inter-level travel time spent in this place.
 C = Inter-level travel time spent in this place.
 D = Time resting spent in this place.
 E = Time spent auto-exploring this place.
 F = Levels seen in this place.
 G = Mean time per level.
                   A        B        C        D        E       F      G
               +--------+--------+--------+--------+--------+-----+--------+
         Total |   5747 |   5643 |    104 |   1048 |   3887 |   5 | 1149.4 |
       Dungeon |   5383 |   5295 |     88 |   1048 |   3541 |   4 | 1345.8 |
        Temple |    363 |    348 |     15 |      0 |    346 |   1 |  363.0 |
               +--------+--------+--------+--------+--------+-----+--------+

Top non-repeatable levels by time:
     D:2: 1615 daAuts
     D:3: 1524 daAuts
     D:1: 1181 daAuts
     D:4: 1061 daAuts
  Temple: 363 daAuts
